Unix NetHack Version 3.7.0-66 Work-in-progress - last build Nov 25 2022 02:21:47 (a67c8fbd212c6e9cfe3af09653023564b5ba1bad,branch:master).

Game began 2022-12-03 10:36:32, ended 2022-12-03 13:45:26.

elenmirie, neutral female gnomish Ranger

  
stone
stone
stone
stone
stone
stone
stone
stone
stone
stone
stone
stone
stone
stone
stone
stone
stone
stone
stone
stone
stone
stone
stone
stone
stone
stone
stone
stone
stone
stone
stone
stone
stone
stone
stone
stone
stone
stone
stone
stone
stone
stone
stone
stone
stone
stone
stone
stone
stone
stone
stone
stone
stone
stone
stone
stone
stone
stone
stone
stone
stone
stone
stone
stone
stone
stone
stone
stone
stone
stone
stone
stone
stone
stone
stone
stone
stone
stone
stone
stone
stone
stone
stone
stone
stone
stone
stone
stone
stone
stone
stone
stone
stone
stone
stone
stone
stone
stone
stone
stone
stone
stone
stone
stone
stone
stone
stone
stone
stone
stone
stone
stone
stone
stone
stone
stone
stone
stone
stone
stone
stone
stone
stone
stone
stone
stone
stone
stone
stone
stone
stone
stone
stone
stone
stone
stone
stone
stone
stone
stone
stone
stone
stone
stone
stone
stone
stone
stone
stone
stone
stone
stone
stone
stone
stone
stone
stone
stone
stone
stone
stone
stone
stone
stone
stone
stone
stone
stone
stone
stone
stone
stone
stone
stone
stone
stone
stone
stone
stone
stone
stone
stone
stone
stone
stone
stone
stone
stone
stone
stone
stone
stone
stone
stone
stone
stone
stone
stone
stone
stone
stone
stone
stone
stone
stone
stone
stone
stone
stone
stone
stone
stone
stone
stone
stone
stone
stone
stone
stone
stone
stone
stone
stone
stone
stone
stone
stone
stone
stone
stone
stone
stone
stone
stone
stone
stone
stone
stone
stone
stone
stone
stone
stone
stone
stone
stone
stone
stone
stone
stone
stone
stone
stone
stone
stone
stone
stone
stone
stone
stone
stone
stone
stone
stone
stone
stone
stone
stone
stone
stone
stone
stone
stone
stone
stone
stone
stone
stone
stone
stone
stone
stone
stone
stone
stone
stone
stone
stone
stone
stone
stone
stone
stone
stone
stone
stone
stone
stone
stone
stone
stone
stone
stone
stone
stone
stone
stone
stone
stone
stone
stone
stone
stone
stone
stone
stone
stone
stone
stone
stone
stone
stone
stone
stone
stone
stone
stone
stone
stone
stone
stone
stone
stone
stone
stone
stone
stone
stone
stone
stone
stone
stone
stone
stone
stone
stone
stone
stone
stone
stone
stone
stone
stone
stone
stone
stone
stone
stone
stone
stone
stone
stone
stone
stone
stone
stone
stone
stone
stone
stone
stone
stone
stone
stone
stone
stone
stone
stone
stone
stone
stone
stone
stone
stone
stone
stone
stone
stone
stone
stone
stone
stone
stone
stone
stone
stone
stone
stone
stone
stone
stone
stone
stone
stone
stone
stone
stone
stone
stone
stone
stone
stone
stone
stone
stone
stone
stone
stone
stone
stone
stone
stone
stone
stone
stone
stone
stone
wall
wall
wall
wall
wall
wall
stone
wall
wall
wall
wall
wall
wall
wall
wall
stone
stone
stone
stone
stone
stone
stone
stone
stone
stone
stone
stone
stone
stone
stone
stone
stone
stone
stone
stone
stone
stone
stone
stone
stone
stone
stone
stone
stone
stone
stone
stone
stone
stone
stone
stone
stone
stone
stone
stone
stone
stone
stone
stone
stone
stone
stone
stone
stone
stone
stone
stone
stone
stone
stone
stone
stone
stone
stone
stone
stone
stone
stone
stone
wall
.dark part of a room
.dark part of a room
.dark part of a room
.dark part of a room
wall
wall
wall
.dark part of a room
.dark part of a room
.dark part of a room
>branch staircase down
wall
<staircase up
wall
stone
stone
stone
stone
stone
stone
stone
stone
stone
stone
stone
stone
stone
stone
stone
stone
stone
stone
stone
stone
stone
stone
stone
stone
stone
stone
stone
stone
stone
stone
stone
stone
stone
stone
stone
stone
stone
stone
stone
stone
stone
stone
stone
stone
stone
stone
stone
stone
stone
stone
stone
stone
stone
stone
stone
stone
stone
stone
stone
stone
stone
stone
stone
stone
wall
.dark part of a room
.dark part of a room
.dark part of a room
.dark part of a room
.floor of a room
[a mummy wrapping
.dark part of a room
.dark part of a room
.dark part of a room
.dark part of a room
wall
wall
.dark part of a room
wall
stone
stone
stone
stone
stone
stone
stone
stone
stone
stone
stone
stone
stone
stone
stone
stone
stone
stone
stone
stone
stone
stone
stone
stone
stone
stone
stone
stone
stone
stone
stone
stone
stone
stone
stone
stone
stone
stone
stone
stone
stone
stone
stone
stone
stone
stone
stone
stone
stone
stone
stone
stone
stone
stone
stone
stone
stone
stone
stone
stone
stone
stone
stone
stone
wall
.dark part of a room
.dark part of a room
.dark part of a room
.dark part of a room
.floor of a room
wall
0a boulder
0a boulder
.dark part of a room
.dark part of a room
wall
wall
.dark part of a room
wall
stone
stone
stone
stone
stone
stone
stone
stone
stone
stone
stone
stone
stone
stone
stone
stone
stone
stone
stone
stone
stone
stone
stone
stone
stone
stone
stone
stone
stone
stone
stone
stone
stone
stone
stone
stone
stone
stone
stone
stone
stone
stone
stone
stone
stone
stone
stone
stone
stone
stone
stone
stone
stone
stone
stone
stone
stone
stone
stone
stone
stone
stone
stone
stone
wall
.dark part of a room
.dark part of a room
.dark part of a room
.dark part of a room
.floor of a room
wall
.dark part of a room
.dark part of a room
.dark part of a room
.dark part of a room
wall
wall
.dark part of a room
wall
stone
stone
stone
stone
stone
stone
stone
stone
stone
stone
stone
stone
stone
stone
stone
stone
stone
stone
stone
stone
stone
stone
stone
stone
stone
stone
stone
stone
stone
stone
stone
stone
stone
stone
stone
stone
stone
stone
stone
stone
stone
stone
stone
stone
stone
stone
stone
stone
stone
stone
stone
stone
stone
stone
stone
stone
stone
stone
stone
stone
stone
stone
stone
stone
wall
wall
wall
wall
wall
.floor of a room
wall
wall
wall
wall
wall
wall
wall
.dark part of a room
wall
stone
stone
stone
stone
stone
stone
stone
stone
stone
stone
stone
stone
stone
stone
stone
stone
stone
stone
stone
stone
stone
stone
stone
stone
stone
stone
stone
stone
stone
stone
stone
stone
stone
stone
stone
stone
stone
stone
stone
stone
stone
stone
stone
stone
stone
stone
stone
stone
stone
stone
stone
stone
stone
stone
stone
stone
stone
stone
stone
stone
stone
stone
stone
stone
wall
.floor of a room
.floor of a room
.floor of a room
.floor of a room
.floor of a room
.floor of a room
wall
stone
stone
stone
stone
wall
.dark part of a room
wall
stone
stone
stone
stone
stone
stone
stone
stone
stone
stone
stone
stone
stone
stone
stone
stone
stone
stone
stone
stone
stone
stone
stone
stone
stone
stone
stone
stone
stone
stone
stone
stone
stone
stone
stone
stone
stone
stone
stone
stone
stone
stone
stone
stone
stone
stone
stone
stone
stone
stone
stone
stone
stone
stone
stone
stone
stone
stone
stone
stone
stone
stone
stone
stone
wall
.floor of a room
.floor of a room
.floor of a room
@Grey-elf
.floor of a room
.floor of a room
wall
wall
wall
wall
wall
wall
.dark part of a room
wall
stone
stone
stone
stone
stone
stone
stone
stone
stone
stone
stone
stone
stone
stone
stone
stone
stone
stone
stone
stone
stone
stone
stone
stone
stone
stone
stone
stone
stone
stone
stone
stone
stone
stone
stone
stone
stone
stone
stone
stone
stone
stone
stone
stone
stone
stone
stone
stone
stone
stone
stone
stone
stone
stone
stone
stone
stone
stone
stone
stone
stone
stone
stone
stone
wall
.floor of a room
.floor of a room
.floor of a room
@gnomish ranger called elenmirie
.floor of a room
.floor of a room
.floor of a room
.floor of a room
.floor of a room
.floor of a room
.floor of a room
.floor of a room
.floor of a room
wall
stone
stone
stone
stone
stone
stone
stone
stone
stone
stone
stone
stone
stone
stone
stone
stone
stone
stone
stone
stone
stone
stone
stone
stone
stone
stone
stone
stone
stone
stone
stone
stone
stone
stone
stone
stone
stone
stone
stone
stone
stone
stone
stone
stone
stone
stone
stone
stone
stone
stone
stone
stone
stone
stone
stone
stone
stone
stone
stone
stone
stone
stone
stone
stone
wall
.floor of a room
.floor of a room
.floor of a room
.floor of a room
.floor of a room
.floor of a room
wall
wall
wall
wall
wall
.dark part of a room
.dark part of a room
wall
stone
stone
stone
stone
stone
stone
stone
stone
stone
stone
stone
stone
stone
stone
stone
stone
stone
stone
stone
stone
stone
stone
stone
stone
stone
stone
stone
stone
stone
stone
stone
stone
stone
stone
stone
stone
stone
stone
stone
stone
stone
stone
stone
stone
stone
stone
stone
stone
stone
stone
stone
stone
stone
stone
stone
stone
stone
stone
stone
stone
stone
stone
stone
stone
wall
wall
wall
wall
wall
wall
wall
wall
stone
stone
stone
wall
wall
wall
wall
stone
stone
stone
stone
stone
stone
stone
stone
stone
stone
stone
stone
stone
stone
stone
stone
stone
stone
stone
stone
stone
stone
stone
stone
stone
stone
stone
stone
stone
stone
stone
stone
stone
stone
stone
stone
stone
stone
stone
stone
stone
stone
stone
stone
stone
stone
stone
stone
stone
stone
stone
stone
stone
stone
stone
stone
stone
stone
stone
stone
stone
stone
stone
stone
stone
stone
stone
stone
stone
stone
stone
stone
stone
stone
stone
stone
stone
stone
stone
stone
stone
stone
stone
stone
stone
stone
stone
stone
stone
stone
stone
stone
stone
stone
stone
stone
stone
stone
stone
stone
stone
stone
stone
stone
stone
stone
stone
stone
stone
stone
stone
stone
stone
stone
stone
stone
stone
stone
stone
stone
stone
stone
stone
stone
stone
stone
stone
stone
stone
stone
stone
stone
stone
stone
stone
stone
stone
stone
stone
stone
stone
stone
stone
stone
stone
stone
stone
stone
stone
stone
stone
stone
stone
stone
stone
stone
stone
stone
stone
stone
stone
stone
stone
stone
stone
stone
stone
stone
stone
stone
stone
stone
stone
stone
stone
stone
stone
stone
stone
stone
stone
stone
stone
stone
stone
stone
stone
stone
stone
stone
stone
stone
stone
stone
stone
stone
stone
stone
stone
stone
stone
stone
stone
stone
stone
stone
stone
stone
stone
stone
stone
stone
stone
stone
stone
stone
stone
stone
stone
stone
stone
stone
stone
stone
stone
stone
stone
stone
stone
stone
stone
stone
stone
stone
stone
stone
stone
stone
stone
stone
stone
stone
stone
stone
stone
stone
stone
stone
stone
stone
stone
stone
stone
stone
stone
stone
stone
stone
stone
stone
stone
stone
stone
stone
stone
stone
stone
stone
stone
stone
stone
stone
stone
stone
stone
stone
stone
stone
stone
stone
stone
stone
stone
stone
stone
stone
stone
stone
stone
stone
stone
stone
stone
stone
stone
stone
stone
stone
stone
stone
stone
stone
stone
stone
stone
stone
stone
stone
stone
stone
stone
stone
stone
stone
stone
stone
stone
stone
stone
stone
stone
stone
stone
stone
stone
stone
stone
stone
stone
stone
stone
stone
stone
stone
stone
stone
stone
stone
stone
stone
stone
stone
stone
stone
stone
stone
stone
stone
stone
stone
stone
stone
stone
stone
stone
stone
stone
stone
stone
stone
stone
stone
stone
stone
stone
stone
stone
stone
stone
stone
stone
stone
stone
stone
stone
stone
stone
stone
stone
stone
stone
stone
stone
stone
stone
stone
stone
stone
stone
stone
stone
stone
stone
stone
stone
stone
stone
stone
stone
stone
stone
stone
stone
stone
stone
stone
stone
stone
stone
stone
stone
stone
stone
stone
stone
stone
stone
stone
stone
stone
stone
stone
stone
stone
stone
stone
stone
Elenmirie the Trailblazer St:18 Dx:11 Co:17 In:14 Wi:14 Ch:9 Neutral Dlvl:6 $:30 HP:0(62) Pw:45(45) AC:-4 Xp:9/3633 T:10889

Latest messages:

There are many objects here.
You see here 2 knives.
There are several objects here.
Wait! There's a centipede hiding under a tripe ration!
You miss the centipede.
You hit the centipede!
You hit the centipede!
The centipede bites!
You kill the centipede!
You see here a tripe ration.
You descend the stairs.
The Grey-elf drinks a fizzy potion!
The Grey-elf is suddenly moving faster.
The Grey-elf hurls a swirly potion!
The flagon crashes on your head and breaks into shards.
The swirly potion evaporates.
This burns!
Call a swirly potion: acid
What do you want to zap? [rvyACDFMOVX or ?*] O
Nothing happens.
The Grey-elf wields an elven spear!
k - an uncursed trident (weapon in hand).
You hit the Grey-elf.
The Grey-elf thrusts his elven spear.
The Grey-elf hits!
You hit the Grey-elf!
The Grey-elf thrusts his elven spear.
The Grey-elf hits!
The Grey-elf thrusts his elven spear.
The Grey-elf misses!
What do you want to use or apply? [epru-yACDFMOPTVX or ?*] P
In what direction? k
Status of the Grey-elf (chaotic): Level 6 HP 23(36) AC 8, fast.
You hit the Grey-elf!
The Grey-elf thrusts his elven spear.
The Grey-elf hits!
What do you want to use or apply? [epru-yACDFMOPTVX or ?*] P
In what direction? k
Status of the Grey-elf (chaotic): Level 6 HP 17(36) AC 8, fast.
You miss the Grey-elf.
The Grey-elf thrusts his elven spear.
The Grey-elf hits!
The Grey-elf thrusts his elven spear.
The Grey-elf hits!
You die...
Do you want your possessions identified? [ynq] (y) y
Do you want to see your attributes? [ynq] (y) y
Do you want an account of creatures vanquished? [ynaq] (y) y
Do you want to see your conduct and achievements? [ynq] (y) y
Do you want to see the dungeon overview? [ynq] (y) y

Inventory:

Coins

$ - 30 gold pieces

Amulets

Y - an uncursed amulet of reflection (being worn)

Weapons

c - 4 uncursed +2 crossbow bolts (in quiver pouch)
N - 3 uncursed +2 crossbow bolts
d - 28 uncursed +0 crossbow bolts
b - an uncursed +1 crossbow (alternate weapon; not wielded)
k - an uncursed +0 trident (weapon in hand)

Armor

l - an uncursed +0 elven leather helm (being worn)
U - an uncursed burnt +1 pair of leather gloves (being worn)
G - an uncursed +2 pair of low boots (being worn)
h - a blessed +1 small shield (being worn)
g - an uncursed +0 cloak of magic resistance (being worn)
n - an uncursed +0 elven mithril-coat (being worn)

Comestibles

q - an uncursed tripe ration

Rings

z - an uncursed ring of conflict
B - an uncursed ring of free action
E - an uncursed ring of free action
Z - an uncursed ring of invisibility
m - an uncursed ring of levitation
S - a blessed +1 ring of protection (on right hand)
j - an uncursed ring of slow digestion
L - an uncursed ring of slow digestion

Wands

C - a cursed wand of create monster (0:11)
y - an uncursed wand of fire (0:0)
O - an uncursed wand of fire (0:0)
v - an uncursed wand of light (0:13)
A - a cursed wand of light (0:11)
M - an uncursed wand of make invisible (0:4)
F - a cursed wand of make invisible (0:3)
X - an uncursed wand of polymorph (0:8)
D - a cursed wand of polymorph (0:0)
r - an uncursed wand of striking (0:1)
V - a blessed wand of teleportation (0:7)

Tools

w - an uncursed bag of holding containing 41 items
e - an uncursed lock pick
p - an uncursed magic whistle
P - an uncursed stethoscope
x - an uncursed towel
u - an uncursed +0 unicorn horn
T - an uncursed partly used wax candle

Contents of the bag of holding:

4104 gold pieces
10 uncursed +0 arrows
12 uncursed poisoned +1 orcish arrows
17 uncursed poisoned +0 orcish arrows
4 cursed poisoned -1 orcish arrows
7 uncursed +0 silver arrows
an uncursed +0 pair of jumping boots
an uncursed burnt +2 cloak of displacement
an uncursed apple
an uncursed cram ration
6 uncursed food rations
2 uncursed sprigs of wolfsbane
2 uncursed sprigs of wolfsbane
2 uncursed tripe rations
an uncursed scroll of amnesia
a blessed scroll of confuse monster
a cursed scroll of confuse monster
2 uncursed scrolls of earth
an uncursed scroll of fire
an uncursed scroll of identify
2 uncursed scrolls of identify
a cursed scroll of identify
a cursed scroll of light
a blessed scroll of magic mapping
an uncursed scroll of remove curse
a cursed scroll of remove curse
a blessed scroll of teleportation
an uncursed scroll of teleportation
a cursed scroll of teleportation
an uncursed potion of booze
a blessed potion of extra healing
a blessed potion of gain energy
a cursed potion of levitation
an uncursed potion of monster detection
2 uncursed potions of object detection
an uncursed potion of oil
an uncursed potion of paralysis
an uncursed potion of restore ability
an uncursed potion of sickness
an uncursed potion of speed
4 potions of holy water

Elenmirie the Ranger's attributes:


Background:

You were a Trailblazer, a level 9 female gnomish Ranger.
You were neutral, on a mission for Venus
who was opposed by Mercury (lawful) and Mars (chaotic).
You were in Sokoban, on level 6.
You entered the dungeon 10889 turns ago.
You had 3633 experience points, 1487 more were needed to attain level 10.

Basics:

You had 0 out of 62 hit points.
You had all 45 energy points (spell power).
Your armor class was -4.
Your wallet contained 30 zorkmids, and
you had 4104 more stashed away in your pack.
Autopickup was on for '$' plus thrown.

Final Characteristics:

Your strength was 18 (limit:18/50).
Your dexterity was 11 (limit:18).
Your constitution was 17 (limit:18).
Your intelligence was 14 (limit:19).
Your wisdom was 14 (limit:18).
Your charisma was 9 (limit:18).

Final Status:

You were not hungry.
You were unencumbered.
You were wielding a trident.
You had basic skill with trident.

Final Attributes:

You were piously aligned.
You were magic-protected.
You were poison resistant.
You were telepathic.
You had automatic searching.
You had infravision.
You were stealthy.
You had a small defense bonus (+1).
You were protected.
You had reflection.
You are dead.

Miscellaneous:
You encountered 1 bones level.
Total elapsed playing time was 3 hours, 7 minutes and 15 seconds.

Major events:

Turn

1: elenmirie the neutral female gnomish Ranger entered the dungeon
675: attained the rank of Lookout (level 3)
1033: entered the Gnomish Mines
4602: attained the rank of Trailblazer (level 6)
4942: reached Mine Town
4997: destroyed maneatingcow's ghost, the former Adept
6780: entered Sokoban
7182: completed 1st Sokoban level
7970: completed 2nd Sokoban level
8702: completed 3rd Sokoban level
9747: completed 4th Sokoban level
10440: acquired the Sokoban amulet of reflection
10889: killed by a Grey-elf

Vanquished creatures:

a ghost
2 giant mimics
a winter wolf
a small mimic
a xan
an ogre leader
a troll
2 sasquatches
a flaming sphere
2 elf mummies
a leather golem
4 soldiers
4 watchmen
an amorous demon
a giant beetle
a cockatrice
a leprechaun
2 iron piercers
a mumak
2 giant spiders
a vampire bat
a dwarf mummy
a gold golem
4 Green-elves
a blue jelly
a white unicorn
a black unicorn
a dust vortex
a gnome mummy
2 snakes
an ape
a rope golem
3 soldier ants
a bugbear
an imp
a mountain nymph
4 Mordor orcs
9 Uruk-hai
a rock piercer
2 rock moles
2 ponies
2 yellow lights
3 gnome leaders
a gnomish wizard
2 kobold mummies
a guardian naga hatchling
5 gray oozes
an elf zombie
a straw golem
8 giant ants
9 floating eyes
4 dwarves
2 homunculi
2 kobold leaders
2 kobold shamans
7 rothes
3 centipedes
2 giant bats
3 orc zombies
2 dwarf zombies
8 iguanas
10 killer bees
2 acid blobs
5 coyotes
a gas spore
5 hobbits
9 manes
2 large kobolds
8 giant rats
2 brown molds
4 yellow molds
3 red molds
5 gnomes
4 garter snakes
2 gnome zombies
6 geckos
19 jackals
3 foxes
3 kobolds
3 goblins
3 sewer rats
5 grid bugs
7 lichens
a kobold zombie
8 newts
259 creatures vanquished.
No species were genocided or became extinct.

Voluntary challenges:

You read items or engraved 5 times.
You never engraved Elbereth.
You never genocided any monsters.
You never polymorphed an object.
You never changed form.
You used no wishes.
You did not violate any of the special Sokoban rules.

Achievements:

You attained the rank of Lookout.
You entered the Gnomish Mines.
You attained the rank of Trailblazer.
You entered Minetown.
You entered a temple.
You entered a shop.
You entered Sokoban.
You completed Sokoban.

The Dungeons of Doom: levels 1 to 7

   Level 1:
Level 2:
Stairs down to The Gnomish Mines.
Level 3:
An altar, a fountain.
Level 4:
A grave.
Level 5:
A fountain.
Level 6:
Many fountains.
Oracle of Delphi.
Level 7:
A fountain.
Stairs up to Sokoban, level 6.

The Gnomish Mines: levels 3 to 5

   Level 3:
Level 4:
Level 5:
Many shops, a temple, some fountains, a grave.
Final resting place for
maneatingcow-Pri-Hum-Mal-Law, killed by a giant spider.

Sokoban: levels 6 up to 3

   Level 3:
Solved.
Level 4:
Solved.
Level 5:
Solved.
Level 6: <- You were here.
Solved.
Final resting place for
you, killed by a Grey-elf.

Game over:

----------
/ \
/ REST \
/ IN \
/ PEACE \
/ \
| elenmirie |
| 4134 Au |
| killed by a |
| Grey-elf |
| |
| |
| 2022 |
*| * * * | *
_________)/\\_//(\/(/\)/\//\/|_)_______

Goodbye elenmirie the Ranger...


You died in Sokoban on dungeon level 6 with 18583 points,
and 4134 pieces of gold, after 10889 moves.
You were level 9 with a maximum of 62 hit points when you died.